Cogmind - Beta 14 @@@ ROGUE MODE // 2025.03.30 @ 17:41:11 Player: golanco Result: Destroyed by as-16062 with Assembled Blade Performance ------------- Evolutions (0) 0 Regions Visited (4) 800 Robots Destroyed (11) 55 Value Destroyed (139) 139 Prototype IDs (0) 0 Alien Tech Used (0) 0 Bonus (211) 211 TOTAL SCORE: 1205 Bonus ------- Follower Combat Kills 211 Cogmind --------- Core Integrity 0/250 Matter 299/300 Energy 229/250 System Corruption 0% Temperature Cool (20) Movement Treading (160) Location -9/Mines Parts ------- > --- POWER (1) -------- Ion Engine > --- PROPULSION (2) --- Light Treads Light Treads > --- UTILITY (2) ------ Large Storage Unit Transport Network Coupler > --- WEAPON (2) ------- Light Assault Rifle Mining Laser > --- INVENTORY (15) --- Light Ion Engine Light Ion Engine Light Treads Light Treads Flight Unit Flight Unit Flight Unit Flight Unit Flight Unit Peak State ------------ > --- POWER ------------ Light Ion Engine > --- PROPULSION ------- Light Treads Light Treads > --- UTILITY ---------- Large Storage Unit Transport Network Coupler > --- WEAPON ----------- Medium Laser Light Assault Rifle > --- INVENTORY -------- Ion Engine Light Ion Engine Light Treads Light Treads Light Treads Flight Unit Flight Unit Flight Unit Flight Unit Flight Unit [Rating: 8] Favorites ----------- Power Light Ion Engine Engine Light Ion Engine Propulsion Light Treads Treads Light Treads Utility Large Storage Unit Device Seismic Detector Storage Large Storage Unit Processor Transport Network Coupler Weapon Medium Laser Energy Gun Medium Laser Ballistic Gun Light Assault Rifle Special Weapon Mining Laser Build | -11 -10 -10 -10 -9 ------- Run | Yrd Mat Min Exi Min Slots Evolved . | . . . . . Power . | . . . . . Propulsion . | . . . . . Utility . | . . . . . Weapon . | . . . . . Parts Attached 17 | 8 1 1 3 4 Power 3 | 1 . . 1 1 Engine 3 | 1 . . 1 1 Core . | . . . . . Reactor . | . . . . . Propulsion 4 | 2 . . 1 1 Treads 4 | 2 . . 1 1 Leg . | . . . . . Wheel . | . . . . . Hover . | . . . . . Flight . | . . . . . Utility 5 | 2 1 1 . 1 Device 1 | 1 . . . . Storage 3 | 1 1 1 . . Processor 1 | . . . . 1 Hackware . | . . . . . Protection . | . . . . . Artifact . | . . . . . Weapon 5 | 3 . . 1 1 Energy Gun 2 | 2 . . . . Energy Cannon . | . . . . . Ballistic Gun 2 | 1 . . 1 . Ballistic Cannon . | . . . . . Launcher . | . . . . . Special Weapon 1 | . . . . 1 Impact Weapon . | . . . . . Slashing Weapon . | . . . . . Piercing Weapon . | . . . . . Special Melee Weapon . | . . . . . Unidentified Prototypes . | . . . . . Parts Lost 5 | . . 2 . 3 Power 1 | . . . . 1 Propulsion 1 | . . . . 1 Utility 1 | . . 1 . . Weapon 2 | . . 1 . 1 Highest Loss Streak 3 | . . 1 . 3 To Critical Strikes . | . . . . . Average Slot Usage (%) 90 | . 100 90 85 89 Engine 13 | . 14 14 14 10 Treads 27 | . 28 28 28 24 Device 4 | . 14 4 . . Storage 16 | . 14 20 14 14 Processor 2 | . . . . 14 Energy Gun 17 | . 28 21 14 8 Ballistic Gun 6 | . . . 14 14 Peak Build Rating 8 | 7 7 7 7 8 Average Rating 6 | 5 7 6 6 7 On Entrance 5 | . 7 7 6 7 Naked Turns . | . . . . . Heaviest Build 35 | 13 18 35 26 27 Greatest Support 40 | 40 40 40 40 40 Greatest Overweight (x) 1 | . . . . 1 Average Overweight (x) . | . . . . . Largest Inventory Capacity 15 | 8 10 15 15 15 Average Capacity 12 | 7 9 12 15 15 Most Carried 11 | 2 4 9 11 11 Average Carried 6 | 1 3 6 7 9 Final Capacity 15 | 8 10 15 15 15 Final Carried 11 | 2 4 9 11 9 Class Distribution -------------------- 75% | Mutant 24% | Commander-Mutant Dominant Class ---------------- Mutant | -10/Materials Mutant | -10/Mines Commander-Mutant | -10/Exiles Mutant | -9/Mines Resources | -11 -10 -10 -10 -9 ----------- Run | Yrd Mat Min Exi Min Matter Collected 411 | 191 99 10 41 70 Remotely . | . . . . . Salvage Created 533 | 14 215 95 129 80 Parts 22 | 4 4 9 5 . Haulers Intercepted 2 | . 2 . . . Recyclers Shooed 1 | . 1 . . . Parts Field Recycled . | . . . . . Retrieved Matter . | . . . . . Parts Self-Destructed . | . . . . . Prevented . | . . . . . Kills | -11 -10 -10 -10 -9 ------- Run | Yrd Mat Min Exi Min Combat Hostiles Destroyed 14 | . 2 6 . 6 Guns 14 | . 2 6 . 6 Classes Destroyed 5 | 1 2 1 . 1 Tunneler 1 | 1 . . . . Hauler 2 | . 2 . . . Swarmer 6 | . . 6 . . Grunt 2 | . 2 . . . Assembled 6 | . . . . 6 Best Kill Streak 4 | 1 2 3 . 4 Combat Bots Only 4 | . 2 3 . 4 Max Kills in Single Turn 2 | 1 1 2 . 1 Gunslinging 1 | . . 1 . . Exploded . | . . . . . Melee . | . . . . . Uniques/NPCs Destroyed . | . . . . . Combat | -11 -10 -10 -10 -9 -------- Run | Yrd Mat Min Exi Min Hostile Shots Fired 106 | . 9 49 . 48 Missed 26 | . 3 14 . 9 Damage Taken 956 | . 68 280 . 608 Core 264 | . 33 57 . 174 Absorbed by Shields . | . . . . . Core Remaining (%) 100 | 100 . . . . Volleys Fired 87 | 6 15 11 11 44 Largest 2 | 2 2 2 2 2 Hottest 120 | 90 90 90 70 120 Shots Fired 150 | 12 30 22 22 64 Gun 149 | 12 30 22 22 63 Cannon . | . . . . . Launcher . | . . . . . Special 1 | . . . . 1 Kinetic 42 | . . . 11 31 Thermal 76 | 6 15 11 11 33 Explosive . | . . . . . Electromagnetic 32 | 6 15 11 . . Robot Hit Streak 9 | 2 9 4 6 7 Robot Miss Streak 4 | 2 2 2 1 4 Penetration Max . | . . . . . Secondary Targets 1 | . . 1 . . Max Gunslinging Chain 1 | . . 1 . . Shots Hit Robots 84 | 6 19 11 14 34 Core Hits 37 | 1 6 6 8 16 Critical Kills . | . . . . . Critical Parts Destroyed . | . . . . . Critical Strikes 4 | . 1 2 . 1 Burn 4 | . 1 2 . 1 Melee Attacks . | . . . . . Impact . | . . . . . Slashing . | . . . . . Piercing . | . . . . . Sneak Attacks . | . . . . . Combat Hostiles . | . . . . . Follow-up Attacks . | . . . . . Damage Inflicted 1061 | 78 300 160 168 355 Guns 1018 | 78 262 155 168 355 Cannons . | . . . . . Explosions 38 | . 38 . . . Melee . | . . . . . Ramming 5 | . . 5 . . Kinetic 177 | . . . 67 110 Thermal 621 | 25 162 88 101 245 Explosive . | . . . . . Electromagnetic 258 | 53 138 67 . . Impact . | . . . . . Slashing . | . . . . . Piercing . | . . . . . Highest Corruption . | . . . . . Average Corruption . | . . . . . Corruption Purged . | . . . . . Corruption Blocked . | . . . . . Overload Shots . | . . . . . Overflow Damage . | . . . . . Projectiles . | . . . . . Explosions . | . . . . . Melee . | . . . . . Knockbacks . | . . . . . Impact . | . . . . . Kinetic . | . . . . . Secondary . | . . . . . Self-Inflicted Damage . | . . . . . Shots . | . . . . . Rammed 3 | . 1 2 . . Targets Rammed 3 | . 1 2 . . Kicked . | . . . . . Crushed . | . . . . . Highest Temperature 452 | 90 154 180 90 452 Average Temperature 121 | 38 68 62 31 225 Received Heat Transfer 356 | . 36 . . 320 Effects 9 | . . . . 9 Shutdowns 2 | . . . . 2 Energy Bleed 2 | . . . . 2 Interference 4 | . . . . 4 Short Circuit 1 | . . . . 1 Siege Activations . | . . . . . Robots Corrupted . | . . . . . Combat Hostiles . | . . . . . Parts Fried 1 | . 1 . . . Impact Corruptions . | . . . . . Robots Melted . | . . . . . Combat Hostiles . | . . . . . Parts Melted 2 | . . 2 . . Heat Transferred 2035 | 74 444 407 296 814 Parts Sabotaged . | . . . . . Parts Stolen . | . . . . . Parts Stripped . | . . . . . Power Chain Reactions 1 | . 1 . . . Alert | -11 -10 -10 -10 -9 ------- Run | Yrd Mat Min Exi Min Peak Influence 178 | 5 85 178 . 61 Initial 33 | . 3 33 . . Average 62 | 1 54 96 . 24 Maximum Alert Level . | . . . . . Low Security (%) 100 | 100 100 100 . 100 Level 1 . | . . . . . Level 2 . | . . . . . Level 3 . | . . . . . Level 4 . | . . . . . Level 5 . | . . . . . High Security . | . . . . . Max Security . | . . . . . Squads Dispatched 2 | . 1 . . 1 Investigation 1 | . 1 . . . Extermination . | . . . . . Reinforcement . | . . . . . Assault 1 | . . . . 1 Garrison . | . . . . . Intercept . | . . . . . Searches Triggered . | . . . . . Construction Impeded . | . . . . . Haulers Reinforced . | . . . . . Active Scanning Responses . | . . . . . Cargo Convoy Interrupts . | . . . . . Stealth | -11 -10 -10 -10 -9 --------- Run | Yrd Mat Min Exi Min Distress Signals . | . . . . . Communications Jammed . | . . . . . Distress Signals . | . . . . . Times Spotted 26 | . 6 9 . 11 Peak Tracking Total 4 | . 2 3 . 4 Tactical Retreats 4 | . . 1 . 3 Traps | -11 -10 -10 -10 -9 ------- Run | Yrd Mat Min Exi Min Traps Triggered 1 | . 1 . . . Indirectly . | . . . . . Trap Hack Attempts . | . . . . . Triggered . | . . . . . Disarmed . | . . . . . Reprogrammed . | . . . . . Reused . | . . . . . Traps Extracted . | . . . . . Installed . | . . . . . Triggered . | . . . . . Machines | -11 -10 -10 -10 -9 ---------- Run | Yrd Mat Min Exi Min Machines Disabled . | . . . . . Max in Single Turn . | . . . . . Machines Repaired . | . . . . . Machines Dismantled . | . . . . . Machines Sabotaged . | . . . . . Overloaded Fab Kills . | . . . . . Hacking | -11 -10 -10 -10 -9 --------- Run | Yrd Mat Min Exi Min Machines Accessed 2 | . 2 . . . Terminals 1 | . 1 . . . Fabricators . | . . . . . Repair Stations . | . . . . . Recycling Units 1 | . 1 . . . Scanalyzers . | . . . . . Garrison Access . | . . . . . Total Hacks 7 | . 7 . . . Successful 1 | . 1 . . . Failed 6 | . 6 . . . Catastrophic . | . . . . . Database Lockouts . | . . . . . Manual 5 | . 3 . 2 . Terminals 3 | . 3 . . . Fabricators . | . . . . . Repair Stations . | . . . . . Recycling Units 4 | . 4 . . . Scanalyzers . | . . . . . Garrison Access . | . . . . . Terminal Hacks 1 | . 1 . . . Transport Status 1 | . 1 . . . Fabricator Hacks . | . . . . . Repair Station Hacks . | . . . . . Recycling Unit Hacks . | . . . . . Scanalyzer . | . . . . . Garrison Access Hacks . | . . . . . Unauthorized Hacks . | . . . . . Terminals . | . . . . . Fabricators . | . . . . . Repair Stations . | . . . . . Recycling Units . | . . . . . Scanalyzers . | . . . . . Garrison Access . | . . . . . Data Cores Recovered . | . . . . . Used . | . . . . . Hacking Detections 3 | . 3 . . . Full Trace Events 1 | . 1 . . . Feedback Events . | . . . . . Feedback Blocked . | . . . . . Robot Schematics Acquired . | . . . . . Robots Built . | . . . . . Authchips . | . . . . . Time . | . . . . . Total Robot Build Rating . | . . . . . Part Schematics Acquired . | . . . . . Parts Built . | . . . . . Authchips . | . . . . . Time . | . . . . . Total Part Build Rating . | . . . . . Parts Repaired . | . . . . . Time . | . . . . . Parts Recycled . | . . . . . Recycled Matter . | . . . . . Retrieved Matter . | . . . . . Retrieved Components . | . . . . . Parts Scanalyzed . | . . . . . Part Schematics Acquired . | . . . . . Parts Damaged . | . . . . . Bothacking | -11 -10 -10 -10 -9 ------------ Run | Yrd Mat Min Exi Min Used RIF Installer . | . . . . . Robots Hacked . | . . . . . Non-combat . | . . . . . Combat . | . . . . . Robot Hacks Applied . | . . . . . Relay Couplers Released . | . . . . . Fabnet Peak Effective % . | . . . . . Robots Rewired 3 | . . . 3 . Allies Hacked . | . . . . . Hacks Repelled . | . . . . . Allies | -11 -10 -10 -10 -9 -------- Run | Yrd Mat Min Exi Min Total Allies 7 | . . 3 3 1 Largest Group 6 | . . 3 5 6 Highest-Rated Group 113 | . . 40 82 113 Highest-Rated Ally 31 | . . 16 21 31 Total Orders . | . . . . . Ally Attacks 69 | . . 28 . 41 Total Damage 835 | . . 306 . 529 Kills 12 | . . 5 . 7 Allies Corrupted 1 | . . . . 1 Allies Melted . | . . . . . Intel | -11 -10 -10 -10 -9 ------- Run | Yrd Mat Min Exi Min Robot Analysis Total . | . . . . . Derelict Logs Recovered 2 | . . 2 . . Drone Launches . | . . . . . Drone Recoveries . | . . . . . Exploration | -11 -10 -10 -10 -9 ------------- Run | Yrd Mat Min Exi Min Turns Passed 2103 | 108 328 707 562 398 Spaces Moved 1046 | 52 175 408 287 124 Core 5 | 5 . . . . Treads 1041 | 47 175 408 287 124 Legs . | . . . . . Wheels . | . . . . . Hover . | . . . . . Flight . | . . . . . Fastest Speed 50 | 50 160 160 160 160 Average Speed 161 | 149 160 160 160 178 Slowest Speed 240 | 160 160 160 160 240 Overloaded Moves . | . . . . . Propulsion Burnouts . | . . . . . Robots Hopped . | . . . . . Cave-ins Triggered . | . . . . . Exploration Rate (%) 44 | 4 32 88 68 30 Regions Visited 4 Branch Regions 3 Pre-discovered Areas . | . . . . . Known Exits Taken . | . . . . . Unknown Exits Taken 4 | 1 1 1 1 . Scrap Searched 2 | . . 2 . . Spaces Dug . | . . . . . Terrain Destroyed 7 | . 6 . . 1 Melee . | . . . . . Projectile 1 | . . . . 1 AOE 6 | . 6 . . . Terrain Rammed . | . . . . . Walls Destroyed . | . . . . . Machines Disabled . | . . . . . Actions | -11 -10 -10 -10 -9 --------- Run | Yrd Mat Min Exi Min Total 1310 | 67 192 439 370 242 Wait 82 | . . 13 . 69 Move 1042 | 51 174 407 286 124 Hop . | . . . . . Pick Up 12 | 1 1 5 4 1 Fast Attach 10 | 8 . 1 . 1 Attach 4 | . . . 1 3 Detach 1 | 1 . . . . Swap 3 | . 1 . 2 . Drop 2 | . . . 2 . Fire 87 | 6 15 11 11 44 Melee . | . . . . . Ram . | . . . . . Kick . | . . . . . Crush 3 | . 1 2 . . Escape Stasis . | . . . . . Rewire 64 | . . . 64 . Trap . | . . . . . Miscellaneous . | . . . . . Route ------- -11/Scrapyard -10/Materials -10/Mines (discovered 3 exits: [*Mat x2] / *Exi) -10/Exiles -9/Mines History --------- Turn | Location | Event 9 | -11/Scrapyard | Discovered new exit (range 15) 109 | -11/Scrapyard | Entered Materials 302 | -10/Materials | Build established: Mutant 356 | -10/Materials | Discovered new exit (range 15) 437 | -10/Materials | Entered Mines 632 | -10/Mines | Discovered new exit (range 13) 801 | -10/Mines | Assisted by bots powering up and referring to "LRC-V3" 836 | -10/Mines | Learned Materials terminal intel 882 | -10/Mines | Discovered new exit (range 13) 1000 | -10/Mines | Learned 2 Materials zone layouts 1138 | -10/Mines | Deemed a non-threat by the Exiles lab entrance 1138 | -10/Mines | Discovered new exit (range 5) 1144 | -10/Mines | Entered Exiles 1144 | -10/Exiles | Found Exiles lab destroyed 1144 | -10/Exiles | Accompanied by 2 allies 1625 | -10/Exiles | Build established: Commander-Mutant 1690 | -10/Exiles | Discovered new exit (range 12) 1706 | -10/Exiles | Entered Mines 1706 | -9/Mines | Accompanied by 5 allies 1707 | -9/Mines | Met a Derelict testing a Signal Generator 1780 | -9/Mines | Assembled infested the area 1785 | -9/Mines | Assisted by a Guerilla fighting off Assembled 1864 | -9/Mines | Core integrity fell below 50% 1895 | -9/Mines | Lost 6 allies 1945 | -9/Mines | Core integrity fell below 20% 1973 | -9/Mines | Lost 3 parts (1p1n1w) 2104 | -9/Mines | Destroyed by as-16062 with Assembled Blade Last Messages --------------- Lgt. Treads broken. Overheating: Short circuit. Power failure, Lgt. Ion Engine shutdown. Lgt. Ion Engine destroyed. Broken Lgt. Treads destroyed. Med. Laser destroyed. Acquired 1 matter. as-99429 destroyed. Acquired 1 matter. Overheating: System interference. Transport Network Coupler temporarily disabled. Acquired 1 matter. as-69546 destroyed. Acquired 1 matter. as-96124 destroyed. Acquired Lgt. Ion Engine. Acquired 11 matter. Acquired Mining Laser. Acquired 19 matter. [Achievement: Achiever] Map ----- +----------------------------------------------------+ | ??????????????????##= #??????????????? | | ?????????????????## #??????????????? | | ????????????????## #??????????????? | | ????????????????# #??????????????? | | ????????????#???# #??????????????? | | ????????????# ?## ###??????????????? | | ???????# ### ## ##????????????????? | | ???????# #?????????????????? | | ???????# #?????????????????? | | ???????######### ##?????????????????? | | ??????????# ##### #??????????????????? | | ????????### # #??????????????????? | | ????????# # ## # #??????????????????? | | ????????# # #!%#??????????????????? | | ????????# *#??????????????????? | | ??????### ||# ##??????????????????? | | ?????## !%% #???????????????????? | | ?????# == ##???????????????????? | | ????## !=a # #???????????????????? | | ???## |%!g # ##???????????????????? | | ???# #????????????????????? | | ???# ## ##???????????????????? | | ???# ?# * #???????????????????? | | ???# ??###=%% ##???????????????????? | | ???# ?????##!!##????????????????????? | | ???# ???????#@##?????????????????????? | | ????????????#a;## = #???????????????? | | ????????????# =%#????????????????? | | ??????????? !#????????????????? | | ??????????###### #????????????????? | | ???????????????? #???????????????? | | ????????????????? #??????????????? | | ????????????????? ?????????????? | | ?????????????????? ???????????? | | ??????????????????? ### ??????????? | | ??????????????????? ##??? ???????????? | | ????????????????????#????????????????? | | ?????????????????????????????????????? | | ?????????????????????????????????????? | | ?????????????????????????????????????? | | ?????????????????????????????????????? | | ?????????????????????????????????????? | | ?????????????????????????????????????? | | ?????????????????????????????????????? | | ?????????????????????????????????????? | | ?????????????????????????????????????? | | ?????????????????????????????????????? | | ?????????????????????????????????????? | | | | | +----------------------------------------------------+ Best States ------------- Heat Dissipation 25 Energy Generation 10 Energy Capacity 250 Matter Stores 300 Matter Capacity 300 Sight Range 16 Terrain Scan Density 10 Evasion (%) 40 Recoil Reduction 2 Item Schematics ----------------- None Robot Schematics ------------------ None Fabricated ------------ Nothing Alien Tech Used ----------------- None Achievements -------------- A New Friend Achiever The More The Merrier Challenges ------------ None Game ------ Seed SubatomicQuantumBiocell Manual? 0 Play Time 00:13:59 Cumulative 26.0 hours Start 2025.03.30 @ 17:29:47 End 2025.03.30 @ 17:41:11 Sessions 1 Manual Loads 0 Difficulty Rogue Special Mode None Game No. 69 Rogue 69 Adventurer 0 Explorer 0 Win Type - Total 0 Types 0/0/0/0/0/0/0/0/0 Lore% 13 Gallery% 23 Achievement% 25 Wizard Run 0 Options --------- Layout 1 ASCII 0 Keyboard 0 Movement Mouse Keybinds 0 Fullscreen 1 Font 36/Smallcaps Map View 50x40 Zoom Use 0% Tactical HUD 0 Map Filters NONE Filters NONE Steam 1 RUN: 12409ecc-7463-45d2-8b01-97d749355519